Map: Romanticide LE

Players

Trap - Winner!

  • Race: Protoss Protoss
  • League: Master
  • Spawn Location: 11:00

LiquidClem (Clem)

  • Race: Terran Terran
  • Spawn Location: 5:00

VOD

https://www.youtube.com/watch?v=TqwEoLdMxwk&t=42m21s

Description

Time

  • Played on: Jan. 17, 2021, 10:26 a.m.
  • Length: 13:14
Show
View Real Time Build Order
Export as new Build Order

Trap Protoss - Winner!

Build Orders: 1 Gate Expand, Blink Stalkers, Colossus Rush 

Get SALT Encoding   

  12  0:00  Probe  
  13  0:12  Probe  
  14  0:20  Pylon  
  14  0:24  Probe  
  15  0:38  Gateway, Probe (Chrono Boost)  
  16  0:47  Probe (Chrono Boost)  
  16  0:48  Assimilator  
  17  0:52  Probe (Chrono Boost)  
  18  1:04  Probe  
  19  1:16  Probe  
  20  1:25  Cybernetics Core  
  20  1:33  Nexus  
  20  1:40  Pylon  
  20  1:43  Probe  
  21  1:50  Assimilator  
  21  1:55  Probe  
  21  1:58  Adept (Chrono Boost)  
  24  2:05  Shield Battery  
  24  2:08  Probe  
  25  2:11  Warp Gate  
  25  2:19  Adept (Chrono Boost)  
  25  2:20  Probe  
  28  2:34  Twilight Council  
  29  2:38  Probe (Chrono Boost)  
  28  2:45  Probe (Chrono Boost)  
  30  2:54  Probe x2 (Chrono Boost)  
  31  2:59  Probe (Chrono Boost)  
  31  3:00  Probe, Robotics Facility  
  33  3:08  Stalker  
  33  3:12  Probe  
  36  3:13  Probe  
  36  3:17  Blink (Chrono Boost)  
  37  3:24  Probe  
  37  3:25  Probe  
  39  3:35  Gateway  
  39  3:36  Probe  
  39  3:38  Probe  
  40  3:48  Probe, Observer  
  41  3:53  Gateway  
  42  3:55  Gateway  
  42  4:00  Probe x2  
  44  4:06  Pylon  
  44  4:12  Probe  
  44  4:13  Probe  
  46  4:25  Probe (Chrono Boost)  
  46  4:26  Nexus  
  46  4:30  Robotics Bay, Probe (Chrono Boost)  
  48  4:31  Assimilator  
  48  4:34  Probe (Chrono Boost)  
  48  4:36  Assimilator  
  48  4:37  Probe (Chrono Boost)  
  50  4:39  Probe  
  51  4:48  Probe  
  51  4:49  Pylon  
  51  4:52  Probe  
  53  4:54  Pylon  
  53  4:58  Observer (Chrono Boost)  
  54  5:01  Forge  
  54  5:07  Probe x2  
  56  5:12  Charge  
  56  5:15  Colossus (Chrono Boost)  
  56  5:17  Forge  
  56  5:19  Probe x2  
  63  5:22  Extended Thermal Lance  
  63  5:26  Pylon  
  63  5:31  Probe (Chrono Boost)  
  63  5:33  Probe (Chrono Boost)  
  63  5:35  Protoss Ground Weapons Level 1 (Chrono Boost)  
  65  5:38  Probe (Chrono Boost)  
  67  5:43  Probe (Chrono Boost)  
  67  5:48  Probe x2 (Chrono Boost)  
  67  5:49  Probe (Chrono Boost)  
  69  5:53  Probe (Chrono Boost)  
  69  5:54  Protoss Ground Armor Level 1 (Chrono Boost)  
  69  5:55  Probe  
  72  5:58  Colossus (Chrono Boost)  
  72  5:59  Probe  
  79  6:04  Gateway  
  79  6:05  Gateway, Probe  
  79  6:08  Gateway  
  79  6:10  Sentry  
  82  6:12  Observer  
  82  6:15  Pylon  
  82  6:17  Sentry, Zealot  
  86  6:19  Pylon  
  86  6:20  Probe x2  
  86  6:21  Probe  
  89  6:26  Pylon  
  89  6:32  Gateway  
  89  6:36  Gateway  
  89  6:38  Colossus  
  89  6:39  Assimilator  
  89  6:42  Assimilator  
  89  6:45  Sentry, Zealot  
  89  6:46  Zealot  
  101  6:49  Shield Battery  
  101  6:51  Probe x2  
  101  6:52  Probe  
  104  6:59  Pylon  
  104  7:07  Templar Archives  
  104  7:08  Pylon  
  104  7:09  Pylon  
  104  7:14  Stalker x3  
  110  7:17  Stalker  
  112  7:30  Nexus  
  112  7:32  Pylon  
  112  7:36  Probe x3  
  115  7:37  Protoss Ground Weapons Level 2 (Chrono Boost)  
  115  7:39  Warp Prism, Gravitic Drive  
  117  7:45  Photon Cannon  
  117  7:53  Protoss Ground Armor Level 2 (Chrono Boost)  
  117  7:54  Zealot x3  
  117  7:57  Shield Battery  
  123  8:00  Observer  
  123  8:03  Zealot x2, High Templar x2  
  123  8:04  Zealot  
  133  8:07  Probe  
  133  8:08  Archon, Probe x2  
  133  8:10  Pylon  
  133  8:12  Robotics Facility  
  136  8:16  Pylon  
  136  8:23  Zealot x3  
  136  8:24  Zealot, Pylon  
  144  8:32  Stalker x2  
  146  8:36  Probe x3  
  149  8:47  Stalker x2  
  149  8:48  Stalker x2  
  155  8:53  Disruptor (Chrono Boost)  
  158  8:56  Pylon  
  158  8:57  Dark Shrine  
  158  9:01  Photon Cannon  
  158  9:03  Probe x4, Disruptor (Chrono Boost)  
  158  9:04  Photon Cannon  
  164  9:22  Disruptor (Chrono Boost)  
  167  9:29  Zealot x8  
  181  9:31  Disruptor (Chrono Boost)  
  176  9:42  Protoss Ground Weapons Level 3 (Chrono Boost)  
  172  9:51  Disruptor (Chrono Boost)  
  168  9:56  Assimilator x2  
  171  10:04  Nexus  
  171  10:05  Observer (Chrono Boost)  
  170  10:13  Nexus  
  170  10:14  Stalker x4  
  164  10:16  Pylon  
  164  10:19  Observer  
  164  10:20  Zealot x2  
  164  10:21  Zealot x2  
  177  10:26  Gateway  
  177  10:28  Gateway  
  177  10:29  Gateway  
  177  10:31  Protoss Ground Armor Level 3 (Chrono Boost)  
  177  10:32  Gateway, Pylon  
  177  10:40  Warp Prism  
  177  10:41  Observer  
  164  11:04  High Templar  
  164  11:05  Shadow Stride (Chrono Boost), High Templar x3  
  164  11:06  Zealot x4  
  164  11:10  Archon x2  
  180  11:14  Photon Cannon x2  
  180  11:17  Photon Cannon  
  170  11:23  Zealot  
  170  11:24  Zealot x2  
  159  11:33  Stalker x2  
  159  11:34  Stalker x2  
  159  11:38  Disruptor (Chrono Boost)  
  164  11:42  High Templar x4  
  164  11:43  Zealot  
  164  11:45  Disruptor (Chrono Boost)  
  164  11:47  Archon x2, Zealot x2  
  174  11:48  Zealot  
  178  11:57  Zealot  
  178  11:58  Zealot x3  
  186  12:05  Zealot  
  188  12:09  Immortal (Chrono Boost)  
  188  12:14  Zealot x4  
  173  12:32  Stalker x4  
  173  12:33  Stalker x4  
  173  12:35  Dark Templar  
  184  12:39  Zealot x3  
  166  13:04  Dark Templar  
  166  13:05  Dark Templar x3  
  160  13:06  Zealot x4  
  160  13:07  Zealot x3  
Show
View Real Time Build Order
Export as new Build Order

LiquidClem Terran 

Build Orders: Reaper Expand 

Get SALT Encoding   

  12  0:00  SCV  
  13  0:12  SCV  
  14  0:17  Supply Depot  
  14  0:24  SCV  
  15  0:38  SCV  
  15  0:40  Barracks  
  16  0:43  Refinery  
  16  0:50  SCV  
  17  1:02  SCV  
  18  1:14  SCV  
  19  1:27  Orbital Command, Reaper  
  20  1:45  Command Center  
  20  1:53  SCV  
  21  1:54  Supply Depot  
  21  1:59  Marine  
  22  2:05  SCV  
  23  2:09  Factory  
  23  2:17  SCV, Marine  
  25  2:27  Bunker  
  25  2:29  SCV  
  26  2:36  Barracks Reactor  
  26  2:42  SCV  
  27  2:54  SCV  
  27  2:57  Factory Tech Lab, Command Center  
  27  3:04  Orbital Command  
  27  3:07  SCV  
  27  3:12  Marine x2  
  30  3:19  SCV  
  31  3:23  Cyclone  
  33  3:30  SCV  
  33  3:31  SCV  
  35  3:36  Marine x2  
  37  3:42  SCV  
  37  3:44  SCV  
  39  3:54  SCV  
  40  3:56  Siege Tank  
  40  3:57  SCV, Marine x2  
  46  4:09  Orbital Command, SCV x2  
  48  4:11  Barracks  
  48  4:18  Barracks  
  48  4:19  Marine x2  
  48  4:21  SCV x2  
  52  4:25  Supply Depot  
  52  4:28  Refinery  
  52  4:30  Refinery  
  52  4:33  SCV x2  
  52  4:38  Siege Tank, Marine x2  
  56  4:41  SCV  
  56  4:45  Supply Depot, SCV x2  
  61  4:53  SCV  
  61  4:57  Barracks Tech Lab, SCV, Marine x2  
  61  4:58  SCV  
  66  5:01  Engineering Bay  
  66  5:06  Supply Depot, SCV  
  67  5:10  SCV x2  
  69  5:16  Supply Depot, Stimpack, Marine  
  69  5:17  Orbital Command  
  69  5:18  Marauder x2  
  75  5:22  Refinery  
  75  5:23  Factory Tech Lab, SCV  
  75  5:26  Combat Shield  
  75  5:27  Supply Depot  
  75  5:28  Marine  
  75  5:34  Marine  
  77  5:36  SCV  
  77  5:38  SCV  
  77  5:42  Terran Infantry Weapons Level 1  
  79  5:44  SCV  
  79  5:45  Barracks x2, Marauder  
  79  5:47  Marauder  
  84  5:51  SCV x2  
  84  5:55  Marine x2  
  88  5:59  Supply Depot  
  88  6:00  SCV  
  88  6:01  Siege Tank  
  92  6:07  Marauder  
  92  6:09  Marauder  
  96  6:12  Starport  
  96  6:13  SCV, Marine x2  
  96  6:15  SCV  
  100  6:18  Supply Depot, SCV  
  100  6:24  Supply Depot  
  100  6:25  SCV  
  101  6:27  SCV  
  101  6:28  Marauder  
  101  6:30  Bunker, SCV  
  101  6:32  Marauder  
  107  6:36  Barracks Reactor, Barracks Tech Lab  
  107  6:37  SCV  
  107  6:39  SCV  
  109  6:40  Siege Tank  
  109  6:42  Supply Depot, Marine  
  109  6:43  Marine  
  109  6:46  SCV  
  115  6:49  SCV  
  115  6:51  SCV  
  115  6:52  Supply Depot  
  117  6:54  Concussive Shells  
  117  6:55  Starport Reactor  
  117  6:56  Marauder  
  117  6:57  Marauder  
  117  6:58  SCV  
  117  6:59  Marauder  
  124  7:01  SCV  
  124  7:03  SCV  
  124  7:05  Marine  
  124  7:06  Supply Depot, Marine  
  127  7:09  Refinery  
  127  7:13  Bunker  
  126  7:16  Siege Tank  
  126  7:17  Marauder, Marine x2  
  126  7:21  Refinery  
  133  7:23  Marauder x2, Marine x2  
  139  7:31  Command Center  
  137  7:38  Marine x2  
  137  7:39  Supply Depot, Marauder  
  137  7:40  Medivac  
  137  7:42  Medivac  
  145  7:44  Marauder  
  145  7:47  Supply Depot  
  145  7:48  Marine x2  
  149  7:53  Terran Infantry Armor Level 1  
  149  7:59  Supply Depot  
  149  8:00  Marine x2  
  149  8:01  Marauder, Siege Tank  
  149  8:03  Ghost Academy  
  156  8:07  Supply Depot, SCV  
  156  8:08  SCV x2  
  156  8:09  Marauder x2  
  163  8:13  Supply Depot, Marine x2  
  163  8:14  Supply Depot  
  163  8:18  Marine  
  165  8:21  Medivac x2  
  165  8:22  Marauder  
  165  8:23  Marine  
  165  8:24  Supply Depot  
  171  8:30  Marauder  
  171  8:31  Supply Depot, Ghost  
  171  8:33  Armory, Marine  
  171  8:34  Marine  
  177  8:35  Siege Tank  
  177  8:36  Engineering Bay  
  180  8:42  Marine x2  
  175  8:49  SCV x2  
  175  8:51  Medivac  
  175  8:54  Bunker, SCV  
  180  8:56  Missile Turret  
  180  8:58  Ghost x2  
  180  9:01  Missile Turret, Marine x3  
  180  9:02  Medivac, Marine  
  188  9:05  SCV x2  
  188  9:08  SCV  
  193  9:10  Siege Tank  
  193  9:16  Barracks, Marauder  
  198  9:17  Barracks  
  198  9:18  Barracks  
  191  9:27  Ghost  
  191  9:28  Marine x2  
  191  9:31  SCV  
  192  9:32  Planetary Fortress, Marauder, SCV  
  192  9:37  SCV  
  191  9:41  Ghost  
  191  9:42  Hellion  
  191  9:43  SCV  
  196  9:49  SCV  
  196  9:50  Marine x4  
  199  10:10  Ghost x2  
  199  10:12  Medivac  
  183  10:14  Marine x4  
  183  10:15  Barracks Tech Lab x2  
  183  10:16  Barracks Tech Lab  
  183  10:17  Missile Turret, SCV x2  
  183  10:18  Marauder, Refinery x2  
  183  10:19  SCV  
  192  10:21  SCV  
  192  10:27  Terran Infantry Weapons Level 2  
  193  10:34  Marine x3  
  196  10:39  Marauder x2  
  196  10:41  Marauder  
  200  10:48  Sensor Tower, Command Center  
  200  10:53  Ghost  
  200  10:54  Bunker  
  200  10:55  Marauder  
  198  10:58  Ghost  
  198  11:00  Marine x2  
  198  11:01  Marauder  
  200  11:10  Command Center  
  200  11:14  Sensor Tower  
  200  11:15  Bunker  
  200  11:20  Marine  
  199  11:25  Marine  
  199  11:29  Marine x3  
  199  11:31  Marauder x2  
  184  11:33  Medivac x2, Marauder x2  
  184  11:34  Marauder, Siege Tank  
  184  11:38  Marine  
  169  11:43  SCV x2, Marine  
  169  11:47  Marine x2  
  172  11:48  Marauder  
  172  11:51  Marine  
  172  11:52  Marauder  
  172  11:53  Marine  
  172  11:54  Marine  
  181  11:55  Ghost  
  181  11:57  Marine  
  184  12:02  Marine  
  184  12:03  Medivac x2  
  184  12:04  SCV x2  
  184  12:05  Marine x2  
  184  12:06  Siege Tank  
  196  12:09  Marauder  
  196  12:10  Marauder  
  199  12:19  Marine  
  193  12:25  Ghost  
  172  12:30  Marauder x2, Marine x2  
  172  12:31  Marauder  
  172  12:32  Marauder x2  
  172  12:33  Medivac  
  172  12:35  Marine  
  173  12:37  Medivac, Marine  
  173  12:38  Siege Tank  
  170  12:48  Marine  
  150  12:51  Marauder  
  150  12:53  Marine  
  150  12:54  Marine  
  150  12:56  Marine  
Tags
 
Add a new tag
Caveats
  • Supply blocks, unpowered buildings, or Contaminate may cause inaccurate times.
  • Supply counts are checked every 10 seconds.